 Dungeon Crawl Stone Soup version 0.31-a0-303-gdc8c9485ea (webtiles) character file.

Game seed: 463250614037684442

48 Newt the Trooper (level 3, -7/30 HPs)
             Began as a Demonspawn Gladiator on July 16, 2023.
             Mangled by Sigmund
             ... wielding a +2 heavy scythe
              (18 damage)
             ... on level 2 of the Dungeon.
             The game lasted 00:01:53 (1607 turns).

Newt the Trooper (Demonspawn Gladiator)             Turns: 1607, Time: 00:01:54

Health: -7/30      AC:  4    Str: 16    XL:     3   Next: 50%
Magic:  3/3        EV: 12    Int:  9    God:
Gold:   69         SH:  0    Dex: 14    Spells: 2/2 levels left

rFire   . . .        a - +0 rapier
rCold   . . .        (no shield)
rNeg    . . .        b - +0 leather armour
rPois   .            c - +0 helmet
rElec   .            (no cloak)
rCorr   .            (no gloves)
SInv    .            (no boots)
Will    .....        k - amulet of reflection
Stlth   +            (no ring)
HPRegen 0.25/turn    (no ring)
MPRegen 0.16/turn

%: reflection
@: confused
A: claws 1, magic regeneration
a: no special abilities


You were on level 2 of the Dungeon.
You visited 1 branch of the dungeon, and saw 2 of its levels.

You collected 69 gold pieces.

Inventory:

Hand Weapons
 a - a +0 rapier (weapon)
Missiles
 e - a javelin
Armour
 b - a +0 leather armour (worn)
 c - a +0 helmet (worn)
 o - a +0 cloak
Jewellery
 h - a ring of fire
 i - an amulet of guardian spirit
 k - an amulet of reflection (around neck)
Potions
 g - 2 potions of ambrosia {unknown}
 j - a potion of enlightenment
 l - a potion of curing {unknown}
 m - a potion of brilliance {unknown}


   Skills:
 - Level 4.0 Fighting
 + Level 2.7 Short Blades
 - Level 1.7 Throwing
 - Level 2.6 Dodging


You had 2 spell levels left.
You didn't know any spells.
Your spell library contained the following spells:

 Spells                   Type           Power      Damage    Failure   Level
 Lesser Beckoning         Tloc           0%         N/A       58%         2
 Gell's Gravitas          Tloc           0%         N/A       83%         3
 Teleport Other           Tloc           0%         N/A       83%         3
 Animate Armour           Summ/Erth      0%         N/A       99%         4
 Summon Lightning Spire   Summ/Air       0%         N/A       99%         4
 Lee's Rapid Deconstruct  Erth           0%         3d4*      100%        5


Dungeon Overview and Level Annotations

Branches:
Dungeon (2/15)

Altars:

Shops:
D:2 =:((

Annotations:
D:2 Sigmund


Innate Abilities, Weirdness & Mutations

You have sharp fingernails.
You regenerate magic rapidly.


Message History

You closely miss Sigmund.
Sigmund is moderately wounded.
The endoplasm hits you but does no damage.
Sigmund hits you with a +2 heavy scythe.
You barely miss Sigmund.
Sigmund is moderately wounded.
The endoplasm hits you. Sigmund closely misses you.
You hit the endoplasm but do no damage. The endoplasm barely misses you.
You hit the endoplasm.
You kill the endoplasm!
Training target 4.0 for Fighting reached!
Your Fighting skill increases to level 4!
You need to enable at least one skill for training.
Unknown command.
Okay, then.
Sigmund gestures at you while chanting. The magic dart hits you!
You hit Sigmund.
Sigmund is heavily wounded.
You block Sigmund's attack.
You hit Sigmund.
Sigmund is heavily wounded.
You barely miss Sigmund.
Sigmund is heavily wounded.
Sigmund casts a spell at you.
You are confused.
Sigmund hits you with a +2 heavy scythe.
You bump into the rock wall.
You bump into the rock wall.
You bump into the rock wall.
Sigmund closely misses you.
You bump into the rock wall.
You bump into the rock wall.
Sigmund casts a spell at you. The puff of flame hits you.
You hit Sigmund.
Sigmund is severely wounded.
Sigmund hits you with a +2 heavy scythe!!
Ouch! That really hurt!
You die...

#.#######...#.##(# #.#
##.##'##.# #.# #..#∩#..#
########.#####.#
.........##.##.#
######.#.#.##.# #######
##.###..##.# .......##.##
##.##.# #@@.## ##.#.#
..?...###.# ##.##.# .....
#.###.###.# ?... #<#..#
#.### #.. #.#.# #.#.## #.
##.#.# #....## ## #
########.#..# #.....#
.########## ........###.#
##...##
.#........##########.#.##
##.##


You could see Sigmund.

Vanquished Creatures
  5 dart slugs
  4 endoplasms
  4 goblins
  5 hobgoblins (D:1)
  3 jackals (D:1)
  A kobold (D:1)
  5 ball pythons
  2 bats (D:2)
  2 frilled lizards
  5 rats
36 creatures vanquished.

Notes
Turn   | Place    | Note
-------+----------+-------------------------------------------
     0 | D:1      | Newt the Demonspawn Gladiator began the quest for the Orb.
     0 | D:1      | Reached XP level 1. HP: 16/16 MP: 1/1
   181 | D:1      | Found a faded altar of an unknown god.
   346 | D:1      | Gained mutation: You have sharp fingernails. [demonic
                  | ancestry]
   346 | D:1      | Reached XP level 2. HP: 23/23 MP: 2/2
   553 | D:1      | Reached skill level 3 in Fighting
   965 | D:1      | Gained mutation: You regenerate magic rapidly. [demonic
                  | ancestry]
   965 | D:1      | Reached XP level 3. HP: 29/29 MP: 3/3
  1090 | D:2      | Found Jeax's Antique Weapon Emporium.
  1240 | D:2      | Found Xowuts's Book Boutique.
  1296 | D:2      | Found Onicutu's Weapon Shop.
  1476 | D:2      | Found Kucaner's Jewellery Emporium.
  1579 | D:2      | Noticed Sigmund
  1598 | D:2      | Reached skill level 4 in Fighting
  1607 | D:2      | Mangled by Sigmund

Illustrated notes

Levels and vault maps discovered:
D:1:      minmay_arrival_semitransparent, layout_basic,
          shapermc_ecumenical_altar_ellora, minmay_misc_feat_four_crosses
D:2:      minmay_general_purpose_star, layout_loops_ring, serial_shops,
          nicolae_shop_tiny_glass, nicolae_shop_gaudy_bauble,
          nicolae_shop_bloodbath_and_beyond, shop, uniq_robin, uniq_sigmund

Skill      XL: |  1  2  3 |
---------------+----------+-----
Fighting       | 3 4 |  4.0
Short Blades   | |  2.7
Throwing       | |  1.7
Dodging        | |  2.6

Action                     || total
---------------------------++-------
  Melee: Rapier            ||   119
         Punch             ||     1
  Throw: Dart              ||     5
         Throwing net      ||     3
    Use: Scroll            ||     3
         Potion            ||     1
 Armour: Leather armour    ||    27
  Dodge: Dodged            ||    73
  Block: Other             ||     7

Table legend: (Time is in decaauts)
 A = Elapsed time spent in this place.
 B = Non-inter-level travel time spent in this place.
 C = Inter-level travel time spent in this place.
 D = Time resting spent in this place.
 E = Time spent auto-exploring this place.
 F = Levels seen in this place.
 G = Mean time per level.
                   A        B        C        D        E       F      G
               +--------+--------+--------+--------+--------+-----+--------+
         Total |   1615 |   1589 |     26 |    156 |   1118 |   2 |  807.5 |
       Dungeon |   1615 |   1589 |     26 |    156 |   1118 |   2 |  807.5 |
               +--------+--------+--------+--------+--------+-----+--------+

Top non-repeatable levels by time:
     D:1: 1045 daAuts
     D:2: 569 daAuts
